AoeStats
← [CL] Al3jandr0.magn00

Arabia

506142499Analyzed
1v1 RM · 19d ago on Sep 12, 2026· 47m 50s· 2 players
Game mode
Random Map
Map size
Tiny (2 player)
Population
200
Speed
Normal
Resources
Standard
Victory
Conquest
Starting age
Dark Age
Ending age
Imperial Age
RankedLock teamsTeams togetherTeam positionsShared explorationLock speedFull tech treeHidden civsTurbo modeCheats
Victory
Defeat
🇪🇸 Bulgarians · Spain
1783
+20
🇦🇷 Khmer · Argentina
1861
-20
DK_Exmerior
6:02 Loom
8:55 Feudal Age
12:49 Double-Bit Axe
14:29 Horse Collar
21:29 Castle Age
19:36 Fletching
20:25 Gold Mining
21:26 Scale Barding Armor
21:31 Forging
22:31 Bow Saw
22:48 Heavy Plow
24:06 Wheelbarrow
26:20 Bloodlines
26:10 Husbandry
27:39 Chain Barding Armor
32:58 Imperial Age
31:53 Iron Casting
32:09 Gold Shaft Mining
32:26 Husbandry
33:50 Hand Cart
34:36 Plate Barding Armor
35:10 Crop Rotation
34:10 Cavalier
35:30 Stone Mining
37:49 Blast Furnace
37:10 Masonry
36:47 Capped Ram
38:00 Siege Ram
38:12 Elite Konnik
41:03 Bodkin Arrow
41:08 Padded Archer Armor
42:17 Chemistry
40:58 Elite Skirmisher
42:19 Leather Archer Armor
42:04 Bracer
42:30 Ballistics
42:56 Bracer
47:20 Conscription
46:59 Stirrups
48:10 Conscription
[CL] Al3jandr0.magn00
6:31 Loom
6:47 Loom
9:31 Feudal Age
10:02 Double-Bit Axe
9:57 Horse Collar
16:39 Fletching
18:27 Forging
18:35 Bloodlines
22:32 Castle Age
20:54 Gold Mining
22:43 Crossbowman
23:18 Bodkin Arrow
24:51 Bow Saw
26:25 Wheelbarrow
29:24 Ballistics
31:50 Imperial Age
31:31 Town Watch
32:35 Bracer
33:36 Chemistry
32:22 Arbalester
34:35 Pikeman
35:26 Forging
35:16 Scale Mail Armor
36:44 Iron Casting
36:51 Conscription
37:17 Chain Mail Armor
38:35 Halberdier
40:48 Blast Furnace
42:29 Horse Collar
48:25 Scale Barding Armor
Connection lost

Rejoining the realm…

Still unreachable

The connection could not be restored.

Session expired

The server has moved on; the page needs a fresh start.